Map: New Repugnancy LE

Players

OGZest (Zest) - Winner!

  • Race: Protoss Protoss
  • Spawn Location: 7:00

lIlIlIlIIlIl (Dear)

  • Race: Protoss Protoss
  • League: Master
  • Spawn Location: 1:00

Event: 2019 Assembly Summer

VOD

Have the link to the VOD?

Description

Time

  • Played on: Aug. 3, 2019, 5:41 a.m.
  • Length: 10:33

All games in this series

Show
View Real Time Build Order
Export as new Build Order

OGZest Protoss - Winner!

Build Orders: Phoenix Opening 

Get SALT Encoding   

  12  0:00  Probe  
  13  0:13  Probe  
  14  0:17  Pylon  
  14  0:24  Probe  
  15  0:32  Probe  
  15  0:37  Gateway  
  15  0:40  Probe  
  16  0:46  Assimilator  
  17  0:51  Probe  
  17  0:55  Assimilator  
  18  1:00  Probe  
  19  1:08  Gateway, Probe  
  19  1:17  Probe  
  20  1:24  Cybernetics Core  
  21  1:29  Probe  
  22  1:34  Pylon  
  22  1:42  Probe  
  23  1:54  Probe  
  24  2:00  Stargate  
  24  2:02  Warp Gate  
  28  2:18  Stalker  
  28  2:19  Stalker  
  28  2:23  Pylon  
  28  2:36  Phoenix  
  28  2:41  Pylon  
  29  2:55  Phoenix  
  29  2:57  Probe  
  32  3:08  Shield Battery  
  32  3:10  Pylon  
  32  3:14  Probe, Phoenix  
  33  3:26  Probe  
  36  3:39  Phoenix  
  37  3:55  Probe  
  36  3:56  Stalker x2  
  40  4:09  Phoenix  
  42  4:14  Nexus  
  42  4:24  Probe  
  43  4:25  Pylon  
  43  4:36  Probe  
  43  4:37  Robotics Facility  
  44  4:48  Probe  
  45  4:59  Stalker x2  
  49  5:00  Probe  
  50  5:12  Probe  
  51  5:16  Immortal  
  51  5:24  Probe  
  51  5:26  Probe  
  57  5:32  Sentry  
  59  5:37  Gateway  
  59  5:41  Pylon  
  59  5:45  Immortal  
  59  5:55  Probe  
  59  5:56  Probe  
  65  6:02  Sentry  
  67  6:07  Pylon  
  67  6:12  Shield Battery  
  67  6:14  Adept  
  69  6:20  Pylon  
  69  6:36  Immortal  
  65  6:40  Adept x3  
  63  6:54  Shield Battery  
  63  7:00  Adept x3  
  65  7:05  Immortal  
  59  7:15  Probe x2  
  65  7:17  Shield Battery  
  63  7:25  Adept x3  
  69  7:43  Shield Battery  
  69  7:46  Warp Prism  
  69  7:49  Adept x3  
  55  8:11  Adept  
  55  8:12  Adept  
  59  8:14  Sentry  
  59  8:19  Immortal, Pylon  
  61  8:32  Shield Battery  
  65  8:42  Oracle  
  68  9:00  Pylon  
  68  9:01  Immortal  
  68  9:12  Probe x2  
  74  9:24  Adept x3  
  74  9:27  Shield Battery  
  80  9:42  Shield Battery  
  80  9:50  Immortal  
  84  10:01  Sentry  
  84  10:06  Adept  
  86  10:13  Adept  
Show
View Real Time Build Order
Export as new Build Order

lIlIlIlIIlIl Protoss 

Build Orders: Oracle Opening 

Get SALT Encoding   

  12  0:00  Probe  
  13  0:12  Probe  
  14  0:17  Pylon  
  14  0:24  Probe  
  15  0:32  Probe  
  15  0:37  Gateway  
  15  0:40  Probe  
  16  0:46  Assimilator  
  17  0:51  Probe  
  17  0:55  Assimilator  
  18  0:59  Probe  
  19  1:07  Probe  
  19  1:08  Gateway  
  19  1:17  Probe  
  20  1:24  Cybernetics Core  
  21  1:29  Probe  
  22  1:35  Pylon  
  22  1:41  Probe  
  23  1:53  Probe  
  24  2:00  Stalker  
  24  2:01  Stalker  
  28  2:02  Warp Gate  
  28  2:09  Pylon  
  28  2:18  Stargate  
  28  2:34  Stalker  
  28  2:35  Stalker  
  31  2:59  Oracle  
  31  3:09  Shield Battery  
  34  3:16  Nexus  
  35  3:31  Pylon  
  34  3:41  Probe  
  38  3:53  Probe, Stalker x2  
  36  3:59  Twilight Council  
  34  4:05  Probe  
  35  4:15  Resonating Glaives  
  33  4:17  Stalker x2  
  33  4:18  Probe  
  37  4:41  Gateway  
  37  4:42  Gateway  
  37  4:55  Stalker x2  
  41  5:03  Probe x2  
  39  5:15  Probe x2  
  38  5:22  Sentry x2  
  38  5:26  Pylon  
  38  5:28  Probe x2  
  44  5:40  Probe x2  
  46  5:44  Gateway  
  46  5:47  Sentry  
  48  5:56  Adept x2  
  50  6:00  Adept  
  52  6:10  Adept  
  54  6:14  Adept x2  
  58  6:20  Adept  
  58  6:25  Pylon  
  60  6:30  Adept x2  
  60  6:32  Adept  
  59  6:40  Adept  
  57  6:52  Adept x2  
  55  7:00  Adept  
  55  7:01  Zealot  
  55  7:08  Adept  
  53  7:10  Probe  
  53  7:11  Probe  
  53  7:14  Adept  
  57  7:17  Adept  
  59  7:23  Adept  
  59  7:27  Adept  
  63  7:30  Pylon  
  63  7:31  Adept  
  65  7:39  Adept  
  65  7:49  Adept x2  
  65  7:51  Adept  
  53  8:01  Probe x2  
  53  8:09  Probe x2  
  53  8:13  Sentry  
  53  8:15  Assimilator  
  53  8:18  Probe x2  
  53  8:19  Assimilator  
  57  8:25  Pylon  
  57  8:26  Probe x2  
  59  8:30  Sentry  
  59  8:34  Probe x2  
  65  8:45  Sentry  
  65  8:47  Zealot  
  65  8:48  Zealot  
  72  8:52  Pylon  
  71  8:57  Sentry  
  73  9:08  Gateway  
  73  9:10  Pylon  
  73  9:11  Pylon  
  73  9:12  Sentry  
  73  9:13  Sentry  
  75  9:30  Gateway, Adept x3  
  81  9:36  Adept x2  
  79  9:49  Stalker  
  75  9:52  Sentry  
  75  9:53  Sentry, Adept  
  52  10:20  Adept x4  
Tags
 
Add a new tag
Caveats
  • Supply blocks, unpowered buildings, or Contaminate may cause inaccurate times.
  • Supply counts are checked every 10 seconds.